 Dungeon Crawl Stone Soup version 0.27-a0-1196-g3e9cee4cb2 (webtiles) character file.

Game seed: 5509783636944096641

239 mordus the Shield-Bearer (level 6, -2/47 HPs)
             Began as a Formicid Fighter on May 28, 2021.
             Slain by a jelly (3 damage)
             ... on level 7 of the Dungeon.
             The game lasted 00:03:58 (3092 turns).

mordus the Shield-Bearer (Formicid Fighter)         Turns: 3092, Time: 00:03:59

Health: -2/47      AC: -3    Str: 22    XL:     6   Next: 29%
Magic:  6/6        EV:  8    Int:  8    God:
Gold:   88         SH: 10    Dex: 10    Spells: 5/5 levels left

rFire    . . .     SeeInvis +   a - +0 long sword
rCold    . . .     Faith    .   c - +0 kite shield
rNeg     . . .     Spirit   .   b - +0 scale mail
rPois    .         Reflect  .   (helmet unavailable)
rElec    .         Harm     .   l - +0 cloak
rCorr    .         Rampage  .   (no gloves)
Will     .....                  (no boots)
Stlth    ..........             (no amulet)
HPRegen  0.15/turn              (no ring)
MPRegen  0.10/turn              (no ring)

@: corroded
A: permanent stasis, dig shafts and tunnels, antennae 3, four strong arms
a: Dig, Shaft Self


You were on level 7 of the Dungeon.
You visited 1 branch of the dungeon, and saw 6 of its levels.

You collected 88 gold pieces.

Inventory:

Hand Weapons
 a - a +0 long sword (weapon)
Armour
 b - a +0 scale mail (worn)
 c - a +0 kite shield (worn)
 l - a +0 cloak (worn)
Scrolls
 e - 4 scrolls of identify {unknown}
 f - 2 scrolls of holy word {unknown}
 h - a scroll of teleportation {unknown}
 i - 2 scrolls of brand weapon {unknown}
 j - a scroll of enchant weapon {unknown}
Potions
 d - 3 potions of might
 g - a potion of mutation {unknown}
 k - a potion of resistance {unknown}
 m - a potion of curing {unknown}
 n - a potion of degeneration {unknown}


   Skills:
 - Level 3.2 Fighting
 * Level 4.5 Long Blades
 + Level 4.5 Armour
 + Level 5.0 Shields


You had 5 spell levels left.
You didn't know any spells.
Your spell library was empty.

Dungeon Overview and Level Annotations

Branches:
Dungeon (5/15)
 Temple: D:4-7

Altars:
Makhleb
Ru
Xom


Innate Abilities, Weirdness & Mutations

You cannot be hasted, slowed, berserked, paralysed or teleported.
You can dig through walls and to a lower floor.
You have a pair of large antennae on your head. (SInv)
Your four strong arms can wield two-handed weapons with a shield.


Message History

You bump into the rock wall.
You feel less confused.
The orc wizard hits you with a +0 dagger.
You barely miss the orc wizard.
The orc wizard is moderately wounded.
The orc wizard hits you but does no damage.
You hit the orc wizard.
The orc wizard is heavily wounded.
You block the orc wizard's attack.
You hit the orc wizard.
The orc wizard is almost dead.
The orc wizard barely misses you. You block the orc wizard's attack.
You barely miss the orc wizard.
The orc wizard is almost dead.
You block the orc wizard's attack.
You hit the orc wizard.
The orc wizard is almost dead.
The orc wizard hits you but does no damage.
You hit the orc wizard.
You kill the orc wizard!
Your Shields skill increases to level 5!
You hit the jelly.
Your hands burn!
The jelly is lightly wounded.
You block the jelly's attack. x2
You hit the jelly. The acid corrodes you!
Your hands burn!
The jelly is moderately wounded.
The jelly hits you but does no damage.
You hit the jelly. The acid corrodes you!
Your hands burn!
* * * LOW HITPOINT WARNING * * *
The jelly is moderately wounded.
You block the jelly's attack.
You hit the jelly. The acid corrodes you!
Your hands burn!
* * * LOW HITPOINT WARNING * * *
The jelly is heavily wounded.
The jelly hits you.
* * * LOW HITPOINT WARNING * * *
The acid corrodes you!
You are splashed with acid!
* * * LOW HITPOINT WARNING * * *
The jelly hits you.
You die...

##..{ {{
#...
###...###
#.....o.###
.....{.....#
##...{...#o#
###..>###o#
...... #J#
####.# #@#
#. #.# ..
#.# .# #.#
#.# #.# #.#
###.###
#.....#


You could see a jelly, an orc wizard (invisible) and an orc.

Vanquished Creatures
  A kobold brigand (D:7)
  A scorpion (D:4)
  A hound (D:7)
  An orc wizard (D:7)
  A dart slug (D:1)
  An orc (D:4)
  6 endoplasms
  4 giant cockroaches
  5 hobgoblins
  6 jackals
  7 kobolds
  2 quokkas
  3 ball pythons
  2 bats
  4 frilled lizards (D:1)
  3 goblins
  7 rats
55 creatures vanquished.

Notes
Turn   | Place    | Note
-------+----------+-------------------------------------------
     0 | D:1      | mordus the Formicid Fighter began the quest for the Orb.
     0 | D:1      | Reached XP level 1. HP: 18/18 MP: 1/1
   173 | D:1      | Reached XP level 2. HP: 20/24 MP: 2/2
   493 | D:1      | Reached XP level 3. HP: 27/29 MP: 3/3
   494 | D:1      | Reached skill level 4 in Shields
  1033 | D:2      | Found a burning altar of Makhleb.
  1483 | D:2      | Found a faded altar of an unknown god.
  1876 | D:3      | Reached XP level 4. HP: 35/35 MP: 4/4
  1981 | D:3      | You fall into a shaft and drop 2 floors!
  1981 | D:5      | Entered Level 5 of the Dungeon
  2314 | D:4      | Noticed a scorpion
  2325 | D:4      | Killed a scorpion
  2326 | D:4      | Reached XP level 5. HP: 11/41 MP: 5/5
  2408 | D:4      | Found a sacrificial altar of Ru.
  2408 | D:4      | Found a shimmering altar of Xom.
  2411 | D:4      | Noticed a phantom
  2464 | D:4      | HP: 1/41 [phantom (5)]
  2485 | D:4      | HP: 1/41 [phantom (3)]
  2499 | D:4      | HP: 1/41 [kobold/stone (1)]
  2503 | D:4      | You fall into a shaft and drop 3 floors!
  2855 | D:7      | Noticed a kobold brigand
  2879 | D:7      | Killed a kobold brigand
  2880 | D:7      | Reached XP level 6. HP: 27/47 MP: 6/6
  3089 | D:7      | Reached skill level 5 in Shields
  3092 | D:7      | HP: 1/47 [acid (7)]
  3092 | D:7      | Slain by a jelly

Illustrated notes

Levels and vault maps discovered:
D:1:      roderic_dead_forest, layout_loops_ring
D:2:      layout_loops_ring, hellmonk_ecumenical_altar_heavens_door, basic_altar
D:3:      layout_rooms, nicolae_sif_muna_condensation, interstate_on_off,
          serial_bayou_lagoon_b
D:4:      layout_loops_corners, marbit_many_paths, jmf_multi_god_temple,
          gup_sewer_entry_spiral
D:5:      layout_cave_pods, minmay_temple_entry_proselytizer,
          minmay_manual_mares
D:7:      layout_loops_ring, serial_shops, shop, uniq_maggie

Skill      XL: |  1  2  3  4  5  6 |
---------------+-------------------+-----
Shields        | 4 5 |  5.0
Long Blades    | 3 4 |  4.5
Armour         | 4 |  4.5
Fighting       | |  3.2

Action                   |  1- 3 |  4- 6 || total
-------------------------+-------+-------++-------
Melee: Long sword        |   112 |   103 ||   215
 Abil: Shaft Self        |       |     2 ||     2
Armor: Scale mail        |    49 |    48 ||    97
Dodge: Dodged            |    36 |    37 ||    73
Block: Kite shield       |    63 |    71 ||   134
       Rpst.: Long sword |    14 |    12 ||    26

Table legend: (Time is in decaauts)
 A = Elapsed time spent in this place.
 B = Non-inter-level travel time spent in this place.
 C = Inter-level travel time spent in this place.
 D = Time resting spent in this place.
 E = Time spent auto-exploring this place.
 F = Levels seen in this place.
 G = Mean time per level.
                   A        B        C        D        E       F      G
               +--------+--------+--------+--------+--------+-----+--------+
         Total |   3185 |   3045 |    140 |    726 |   1665 |   6 |  530.8 |
       Dungeon |   3185 |   3045 |    140 |    726 |   1665 |   6 |  530.8 |
               +--------+--------+--------+--------+--------+-----+--------+

Top non-repeatable levels by time:
     D:2: 970 daAuts
     D:1: 916 daAuts
     D:7: 611 daAuts
     D:4: 274 daAuts
     D:5: 258 daAuts
     D:3: 153 daAuts
